 Dungeon Crawl Stone Soup version 0.20-b1-2-gc5a9893 (webtiles) character file.

4532 DevlanMud the Basher (level 10, -7/70 HPs)
             Began as a Demonspawn Fighter on May 22, 2017.
             Was a Priest of Makhleb.
             Mangled by a sixfirhy (9 damage)
             ... summoned by a kobold demonologist
             ... on level 9 of the Dungeon.
             The game lasted 00:22:39 (9575 turns).

DevlanMud the Basher (Demonspawn Fighter)           Turns: 9575, Time: 00:22:40

Health: -7/70      AC: 12    Str: 21 (24) XL:     10   Next: 17%
Magic:  16/16      EV: 11    Int: 10      God:    Makhleb [***...]
Gold:   464        SH:  0    Dex: 20      Spells: 9/9 levels left

rFire    + . .     SeeInvis +   x - +3 flail (drain)
rCold    . . .     Gourm    .   c - +0 shield
rNeg     . . .     Faith    .   m - +0 plate armour
rPois    .         Spirit   .   (no helmet)
rElec    .         Reflect  +   (no cloak)
rCorr    +         Harm     .   (no gloves)
MR       .....                  (no boots)
Stlth    ..........             t - +4 amulet of reflection
Regen    0.3/turn               q - ring of see invisible
MPRegen  0.2/turn               I - ring of resist corrosion

@: confused, mighty, agile, lethally poisoned (-7 -> -23), about to teleport
A: repulsion field 1, see invisible, agile 1, blink, fire resistance 1, powered
by pain 1, flame cloud immunity
a: Blink, Minor Destruction, Lesser Servant of Makhleb, Renounce Religion


You were on level 9 of the Dungeon.
You worshipped Makhleb.
Makhleb was most pleased with you.
You were hungry.

You visited 2 branches of the dungeon, and saw 10 of its levels.

You collected 464 gold pieces.

Inventory:

Hand Weapons
 x - a +3 flail of draining (weapon)
Missiles
 r - 2 throwing nets (quivered)
Armour
 c - a +0 shield (worn)
 m - a +0 plate armour (worn)
 y - a +0 chain mail
Jewellery
 q - a ring of see invisible (left hand)
 t - a +4 amulet of reflection (around neck)
 I - a ring of resist corrosion (right hand)
Wands
 i - a wand of lightning (0/15)
 v - a wand of confusion (0/48)
 E - a wand of flame (2/48)
 G - a wand of polymorph (3/24)
Scrolls
 a - a scroll of immolation {unknown}
 e - 3 scrolls of magic mapping
 j - a scroll of blinking {unknown}
 p - 2 scrolls of teleportation
 u - 4 scrolls of identify
 w - a scroll of enchant weapon
 A - a scroll of vulnerability {unknown}
 D - a scroll of holy word {unknown}
 H - a scroll of silence {unknown}
 J - a scroll of remove curse
 K - a scroll of enchant armour {unknown}
 L - a scroll of recharging {unknown}
Potions
 h - 2 potions of haste
 n - a potion of flight {unknown}
 o - a potion of ambrosia
 s - a potion of mutation
 z - a potion of curing {unknown}
 B - a potion of lignification
 C - a potion of magic {unknown}
 F - a potion of cancellation {unknown}
Books
 b - Sif Muna's Tome of Execration
   (You found it on level 7 of the Dungeon)

   Spells                             Type                      Level
   a - Corona                         Hexes                        1
   b - Spectral Weapon                Hexes/Charms                 3
   c - Fulminant Prism                Conjuration/Hexes            4
   d - Yara's Violent Unravelling     Hexes/Transmutation          5
   e - Silence                        Hexes/Air                    5
 g - a book of Callings

   Spells                             Type                      Level
   a - Summon Small Mammal            Summoning                    1
   b - Call Imp                       Summoning                    2
   c - Call Canine Familiar           Summoning                    3
   d - Summon Guardian Golem          Hexes/Summoning              3
   e - Summon Lightning Spire         Summoning/Air                4
   f - Summon Ice Beast               Ice/Summoning                4
Comestibles
 d - 6 chunks of flesh
 f - 5 bread rations
 k - 3 fruits
 l - 3 meat rations


   Skills:
 + Level 3.1 Fighting
 * Level 9.6 Maces & Flails
 + Level 6.2 Armour
 + Level 6.3 Shields
 - Level 8.0 Invocations


You had 9 spell levels left.
You didn't know any spells.

Dungeon Overview and Level Annotations

Branches:
Dungeon (9/15)             Temple (1/1) D:5
   Lair: D:8-11         Orc: D:9-12

Altars:
Cheibriados
Dithmenos
Gozag
Hepliaklqana
Makhleb
Okawaru
Qazlal
Sif Muna
Trog
Vehumet
Yredelemnul
The Shining One

Shops:
D:6 [


Innate Abilities, Weirdness & Mutations

You are surrounded by a mild repulsion field. (EV +2)
Your flesh is heat resistant. (rF+)
You sometimes gain a little power by taking damage.
You are immune to clouds of flame.
You have supernaturally acute eyesight. (SInv)
You are agile. (Dex +2)
You can translocate small distances at will.


Message History

The kobold demonologist hits you but does no damage.
The rust devil hits you.
* * * LOW HITPOINT WARNING * * *
You are confused.
You feel invigorated.
* * * LOW HITPOINT WARNING * * *
You feel sick.
The big kobold hits you but does no damage. x2
The red devil hits you from afar with a trident of venom!
* * * LOW HITPOINT WARNING * * *
You focus on the pain.
You feel agile all of a sudden.
The kobold demonologist casts a cantrip, but nothing happens.
The rust devil completely misses you.
You closely miss the kobold demonologist.
* * * LOW HITPOINT WARNING * * *
You feel sick. The sixfirhy closely misses you. The sixfirhy hits you!
* * * LOW HITPOINT WARNING * * *
The sixfirhy shocks you!
You die...

########## ## .........#
... .........# ....
.....K.3.#######.....
.....KKK................
...5343KK((.............
....5KK@4.(.............
############..>.........
#............
#............
###.....:......
+..............
#........>.....
#.)............
.........#####'''


You could see a sun demon, a rust devil, 2 kobold demonologists, a sixfirhy, a
neqoxec, a red devil, 3 big kobolds, 2 shadow imps and 3 kobolds.

Vanquished Creatures
  A two-headed ogre (D:7)
  Prince Ribbit (D:7)
  Sigmund (D:6)
  A hungry ghost (D:7)
  A naga (D:8)
  Duvessa (D:6)
  A water moccasin (D:7)
  A sky beast (D:8)
  2 orc warriors
  7 ogres
  A centaur (D:8)
  3 bullfrogs
  Dowan (D:6)
  A scorpion (D:7)
  3 killer bees (D:7)
  3 wights
  3 howler monkeys
  7 crimson imps
  A centaur zombie (D:5)
  A jelly (D:8)
  4 hounds
  7 orc priests
  A bullfrog skeleton (D:7)
  7 orc wizards
  Terence (D:3)
  4 iguanas
  6 worker ants
  A hound zombie (D:7)
  A hound skeleton (D:4)
  Robin (D:3)
  12 adders
  A shadow imp (D:7)
  An ooze (D:3)
  An adder skeleton (D:5)
  A worm (D:2)
  A dart slug (D:1)
  4 leopard geckos
  31 orcs
  5 bats
  5 giant cockroaches
  17 goblins
  9 hobgoblins
  2 jackals (D:5)
  7 quokkas
  3 ball pythons
  5 frilled lizards
  2 jackal skeletons
  4 kobolds
  2 leopard gecko skeletons
  A leopard gecko zombie (D:6)
  3 quokka skeletons
  5 rats
196 creatures vanquished.

Vanquished Creatures (others)
  A centaur (D:8)
1 creature vanquished.

Grand Total: 197 creatures vanquished

Notes
Turn   | Place    | Note
-------+----------+-------------------------------------------
     0 | D:1      | DevlanMud the Demonspawn Fighter began the quest for the Orb.
     0 | D:1      | Reached XP level 1. HP: 18/18 MP: 1/1
    22 | D:1      | Reached skill level 2 in Maces & Flails
   228 | D:1      | Gained mutation: You are surrounded by a mild repulsion field. (EV +2) [demonic ancestry]
   228 | D:1      | Reached XP level 2. HP: 21/24 MP: 2/2
   874 | D:2      | Reached skill level 3 in Maces & Flails
   898 | D:2      | Gained mutation: Your flesh is heat resistant. (rF+) [demonic ancestry]
   898 | D:2      | Reached XP level 3. HP: 29/29 MP: 3/3
  1167 | D:2      | Found a shadowy altar of Dithmenos.
  1738 | D:3      | Noticed a fire elemental
  1740 | D:3      | Found a stormy altar of Qazlal.
  1741 | D:3      | Noticed an air elemental
  1741 | D:3      | Noticed an earth elemental
  1741 | D:3      | Noticed a water elemental
  1771 | D:3      | Reached XP level 4. HP: 35/35 MP: 4/4
  1808 | D:3      | Noticed Terence
  1834 | D:3      | Killed Terence
  1834 | D:3      | Reached skill level 4 in Maces & Flails
  1998 | D:3      | Noticed Robin
  2016 | D:3      | Killed Robin
  2577 | D:3      | Found a burning altar of Makhleb.
  2582 | D:3      | Became a worshipper of Makhleb the Destroyer
  2773 | D:4      | Reached XP level 5. HP: 38/41 MP: 5/5
  2836 | D:4      | Reached skill level 1 in Invocations
  2963 | D:4      | Reached skill level 5 in Maces & Flails
  3275 | D:4      | Reached XP level 6. HP: 38/47 MP: 7/7
  3336 | D:4      | Reached * piety under Makhleb
  3831 | D:5      | Entered Level 5 of the Dungeon
  3831 | D:5      | Found a hazy altar of Hepliaklqana.
  3940 | D:5      | Gained mutation: You are immune to clouds of flame. [demonic ancestry]
  3940 | D:5      | Reached XP level 7. HP: 43/52 MP: 9/9
  3949 | D:5      | Gained mutation: You have supernaturally acute eyesight. (SInv) [potion of mutation]
  3949 | D:5      | Gained mutation: You can translocate small distances at will. [potion of mutation]
  3949 | D:5      | Gained mutation: You are agile. (Dex +2) [potion of mutation]
  4074 | D:5      | Found an iron altar of Okawaru.
  4161 | D:5      | Found a snail-covered altar of Cheibriados.
  4256 | D:5      | Reached skill level 6 in Maces & Flails
  4297 | D:5      | Found a staircase to the Ecumenical Temple.
  4306 | Temple   | Entered the Ecumenical Temple
  4629 | D:6      | Noticed Duvessa
  4629 | D:6      | Noticed Dowan
  5083 | D:6      | Killed Duvessa
  5090 | D:6      | Killed Dowan
  5090 | D:6      | Gained mutation: You sometimes gain a little power by taking damage. [demonic ancestry]
  5090 | D:6      | Reached XP level 8. HP: 53/58 MP: 11/11
  5662 | D:5      | Reached skill level 7 in Maces & Flails
  5662 | D:5      | Reached skill level 5 in Invocations
  5966 | D:6      | Reached ** piety under Makhleb
  5970 | D:6      | Found Avoefix's Armour Shoppe.
  6543 | D:6      | Found a basalt altar of Yredelemnul.
  6558 | D:6      | Noticed Sigmund
  6570 | D:6      | Killed Sigmund
  6570 | D:6      | Reached skill level 5 in Shields
  6705 | D:7      | Reached XP level 9. HP: 60/63 MP: 13/13
  6840 | D:7      | Reached skill level 8 in Maces & Flails
  7246 | D:7      | Reached skill level 5 in Armour
  7249 | D:7      | Identified Sif Muna's Tome of Execration
  7312 | D:7      | Noticed Prince Ribbit
  7352 | D:7      | Killed Prince Ribbit
  8620 | D:8      | Reached skill level 9 in Maces & Flails
  8674 | D:8      | Noticed a two-headed ogre
  8678 | D:8      | Paralysed by a hornet for 3 turns
  8862 | D:7      | Killed a two-headed ogre
  8862 | D:7      | Reached XP level 10. HP: 29/70 MP: 15/15
  9151 | D:8      | Found a deep blue altar of Sif Muna.
  9151 | D:8      | Found an opulent altar of Gozag.
  9156 | D:8      | Found a glowing golden altar of the Shining One.
  9217 | D:8      | Reached *** piety under Makhleb
  9569 | D:9      | Noticed a sixfirhy
  9570 | D:9      | Noticed a rust devil
  9573 | D:9      | Noticed a sun demon
  9575 | D:9      | HP: 2/70 [sixfirhy[a kobold demonologist] (7)]
  9575 | D:9      | Mangled by a sixfirhy

Skill      XL: |  1  2  3  4  5  6  7  8  9 10 |
---------------+-------------------------------+-----
Maces & Flails | 2 3 4 5 6 7 9 |  9.6
Invocations    | 2 3 4 6 7 8 |  8.0
Shields        | 3 4 5 6 |  6.3
Armour         | 3 4 6 |  6.2
Fighting       | |  3.1

Action                   |  1- 3 |  4- 6 |  7- 9 | 10-12 || total
-------------------------+-------+-------+-------+-------++-------
Melee: Flail             |   142 |   202 |   417 |    64 ||   825
Evoke: Wand              |       |     3 |    23 |       ||    26
  Use: Scroll            |     2 |     1 |     4 |     1 ||     8
       Potion            |       |       |    10 |     2 ||    12
 Stab: Confused          |       |       |     1 |       ||     1
  Eat: Chunk             |     3 |     7 |    11 |     2 ||    23
       Royal jelly       |       |       |     4 |       ||     4
       Meat ration       |       |       |     1 |       ||     1
Armor: Scale mail        |    58 |    24 |       |       ||    82
       Chain mail        |       |    31 |    45 |       ||    76
       Plate armour      |       |       |   101 |    35 ||   136
Dodge: Dodged            |    51 |    40 |    83 |    13 ||   187
Block: Shield            |    79 |   134 |   271 |    49 ||   533
       Reflection        |       |     7 |    11 |     6 ||    24
